 Dungeon Crawl Stone Soup version 0.18.1-1-g2f07953 (webtiles) character file.

544657 MDvedh the Axe Maniac (level 24, -3/214 HPs)
             Began as a Minotaur Berserker on May 6, 2016.
             Was the Champion of Trog.
             Killed from afar by an orb of fire (21 damage)
             ... with a fireball
             ... on level 5 of the Realm of Zot.
             The game lasted 01:54:09 (48539 turns).

MDvedh the Axe Maniac (Minotaur Berserker)         Turns: 48539, Time: 01:54:10

Health: -3/214     AC: 36    Str: 30    XL:     24   Next: 85%
Magic:  19/19      EV: 32    Int:  5    God:    Trog [******]
Gold:   3977       SH:  0    Dex: 26    Spells: 0 memorised, 23 levels left

rFire  + . .     SeeInvis +     h - +7 executioner's axe (freeze)
rCold  + . .     Gourm    .     U - +0 crystal plate armour {rC+}
rNeg   + . .     Faith    .     (shield currently unavailable)
rPois  +         Spirit   .     (helmet restricted)
rElec  .         Dismiss  .     O - +2 cloak {MR+}
rCorr  .         Reflect  .     k - +2 pair of gloves {Dex+3}
SustAt .         Harm     .     T - +2 pair of boots
MR     +++++     Clarity  +     G - amulet of the Four Winds {rN+ MR+++ Clar}
Stlth  ..........               K - ring of Insomnia {rPois rF+}
                                B - ring "Qasih" {MR+ Str+4 Int+3 SInv}

@: agile, regenerating, almost entirely resistant to hostile enchantments,
extremely unstealthy
A: retaliatory headbutt, horns 2, slimy green scales 1, blurry vision 1,
deformed body, deterioration 1, dopey 1, frail 1, low mp 1, sense surroundings
1, regeneration 2, wild magic 1, MP-powered wands
a: Berserk, Trog's Hand, Brothers in Arms, Burn Spellbooks, Renounce Religion
}: 3/15 runes: barnacled, slimy, gossamer


You were on level 5 of the Realm of Zot.
You worshipped Trog.
Trog was exalted by your worship.
You were full.

You visited 11 branches of the dungeon, and saw 57 of its levels.
You also visited: Ice Cave and Wizlab.

You collected 5579 gold pieces.
You spent 1602 gold pieces at shops.

Inventory:

Hand Weapons
 h - a +7 executioner's axe of freezing (weapon)
 y - a +5 vampiric executioner's axe
 F - the +8 mithril axe "Arga" {speed, MR+ Str+2}
   (Trog gifted it to you on level 3 of the Elven Halls)

   Attacks with this weapon are significantly faster.
   It affects your strength (+2).
   It affects your resistance to hostile enchantments.
Armour
 k - a +2 pair of gloves of dexterity (worn)
 x - a +0 fire dragon armour
 O - a +2 cloak of magic resistance (worn)
 T - a +2 pair of boots (worn)
 U - a +0 crystal plate armour of cold resistance (worn)
Jewellery
 c - the amulet of Lugonu's Anger {Spirit Str+6}
   (You took it off a mottled draconian on level 1 of the Realm of Zot)

   [amulet of guardian spirit]

   It causes incoming damage to be split between your health and magic.
   It affects your strength (+6).
 B - the ring "Qasih" (left hand) {MR+ Str+4 Int+3 SInv}
   (You bought it in a shop on level 12 of the Dungeon)

   [ring of protection from magic]

   It affects your strength (+4).
   It affects your intelligence (+3).
   It affects your resistance to hostile enchantments.
   It lets you see invisible.
 G - the amulet of the Four Winds (around neck) {rN+ MR+++ Clar}
   (You took it off a deep elf high priest on level 3 of the Elven Halls)

   [amulet of nothing]

   It protects you from negative energy.
   It affects your resistance to hostile enchantments.
   It protects you against confusion.
 K - the ring of Insomnia (right hand) {rPois rF+}
   (You bought it in a shop on level 12 of the Dungeon)

   [ring of poison resistance]

   It protects you from fire.
   It protects you from poison.
 N - the ring "Yvutwor" {rN+ MR+}
   (You found it on level 3 of the Elven Halls)

   [ring of protection from magic]

   It protects you from negative energy.
   It affects your resistance to hostile enchantments.
 X - an uncursed ring of resist corrosion
Wands
 a - a wand of enslavement (17/24)
 d - a wand of disintegration (15/24)
 l - a wand of teleportation (3/9)
 p - a wand of disintegration (15/24)
 r - a wand of iceblast (7/15)
 t - a wand of teleportation (8/9)
 I - a wand of random effects (29/48)
 P - a wand of digging (5/24)
Scrolls
 i - 4 scrolls of teleportation
 j - 30 scrolls of remove curse
 v - 6 scrolls of blinking
 A - 7 scrolls of identify
 D - 3 scrolls of recharging
 J - 5 scrolls of fear
 M - 5 scrolls of fog
Potions
 b - 3 potions of cancellation
 e - 6 potions of flight
 f - a potion of magic
 g - 7 potions of agility
 n - 13 potions of curing
 u - 3 potions of brilliance
 L - a potion of invisibility
Miscellaneous
 C - 3 phantom mirrors
Comestibles
 z - 12 meat rations
 R - 4 bread rations
 W - 30 fruits


   Skills:
 + Level 24.2 Fighting
 O Level 27 Axes
 + Level 24.1 Armour
 + Level 22.5 Dodging


You had 23 spell levels left.
You didn't know any spells.

Dungeon Overview and Level Annotations

Branches:
Dungeon (15/15)            Temple (1/1) D:5            Lair (8/8) D:8
 Shoals (4/4) Lair:6       Spider (4/4) Lair:4        Slime (6/6) Lair:6
    Orc (2/2) D:10            Elf (3/3) Orc:2        Vaults (4/5) D:13
  Crypt (0/3) Vaults:3     Depths (5/5) D:15            Zot (5/5) Depths:5

Altars:
Cheibriados
Dithmenos
Elyvilon
Fedhas
Gozag
Nemelex Xobeh
Okawaru
Qazlal
Sif Muna
Vehumet
Xom
Yredelemnul
Zin
The Shining One
Jiyva

Shops:
D:12 =   Orc:2 (}%!   Elf:1 (   Vaults:2 }(   Vaults:3 =

Portals:
Hell: Depths:1 Depths:4
Pandemonium: Orc:2
Trove: D:13 (give wand of hasting (9))

Annotations:
Lair:3 Sonja
Lair:8 exclusion: oklob plant
Elf:2 1 runed door
Vaults:3 exclusion: obsidian statue
Depths:2 4 runed doors


Innate Abilities, Weirdness & Mutations

You reflexively headbutt those who attack you in melee.
You have a pair of horns on your head.
You are partially covered in slimy green scales (AC +2).
Scrolls take you a little longer to read.
Armour fits poorly on your strangely shaped body.
Your body sometimes deteriorates upon taking damage.
You are dopey. (Int -2)
You are frail (-10% HP).
Your magical capacity is low (-10% MP).
You passively map a small area around you.
You heal very quickly.
Your spells are a little harder to cast, but a little more powerful.
You expend magic power (3 MP) to strengthen your wands.


Message History

The orb of fire is severely damaged.
You hear a roar!
The orb of fire emits a lurid red light.
The fireball explodes!
The fireball engulfs you! You resist.
* * * LOW HITPOINT WARNING * * *
The fireball engulfs the orb of fire.
The orb of fire completely resists.
You hear a shout!
You hear a roar!
You hear a shout!
You hear a roar! x2
You closely miss the orb of fire.
You headbutt the orb of fire, but do no damage.
The orb of fire is severely damaged.
The orb of fire glows yellow.
The fireball explodes!
The fireball engulfs you! You resist.
* * * LOW HITPOINT WARNING * * *
The fireball engulfs the orb of fire.
The orb of fire completely resists.
You hear a roar! x3
You slice the orb of fire!! You freeze the orb of fire.
The orb of fire is almost destroyed.
The orb of fire emits a lurid red light.
The fireball explodes!
The fireball engulfs you! You resist.
You die...

.......# * ,
#.....## *####*,,
##)#....## ###<..##
, * #).##....#
#......#
.)..##...###......
,* , *
....##....#....# ,
..#####...#...#* ,
......#......(####
,
###...##)....#.#@#
* *
#...#)))....###*##*
*, , *
▓########.########
* *
*...............#
##..........
#.............##
##...........
#.............#
##....).......
##...........##
#.............
#...........#
#.............
#...........##
#......^......


You could see an orb of fire.

Vanquished Creatures
  the Royal Jelly (Slime:6)
  4 orbs of fire (Zot:5)
  2 ancient liches (Zot:5)
  A Killer Klown (Zot:5)
  2 caustic shrikes (Depths:2)
  9 golden dragons
  Nikola (Depths:1)
  Jory (Depths:3)
  14 Orb Guardians (Zot:5)
  Rupert (D:15)
  3 liches
  2 deep elf blademasters
  4 tentacled monstrosities
  Asterion (Vaults:2)
  A moon troll (WizLab)
  10 acid blobs
  A deep elf master archer (Elf:3)
  3 sphinxes
  4 death cobs
  6 tentacled starspawn (WizLab)
  Agnes (Elf:2)
  The ghost of oplop the Transmogrifier, an adept OpTm of Cheibriados (Spider:4)
  2 tengu reavers (Vaults:4)
  2 storm dragons (Zot:3)
  2 shadow dragons
  2 draconian monks
  5 azure jellies
  5 fire giants
  Donald (Vaults:2)
  3 deep elf sorcerers (Elf:3)
  4 frost giants
  An orc warlord (Orc:1)
  2 draconian zealots
  5 draconian scorchers
  3 draconian knights
  4 vault wardens
  A cacodemon (WizLab)
  4 emperor scorpions
  5 ghost moths
  5 deep elf elementalists (Elf:3)
  2 vampire knights
  4 ironheart preservers
  A war gargoyle (Vaults:2)
  2 spriggan defenders (Depths:3)
  23 very ugly things
  A draconian caller (Zot:1)
  16 stone giants
  6 green draconians
  7 deep elf demonologists
  Azrael (Orc:2)
  8 black draconians
  7 white draconians
  4 deep elf annihilators
  9 mottled draconians
  9 yellow draconians
  7 purple draconians
  7 deep elf death magi
  5 spark wasps
  4 red draconians
  10 ettins
  7 merfolk javelineers
  6 crystal guardians
  3 jiangshi (Depths:1)
  5 death oozes (Slime:6)
  7 merfolk impalers
  12 vault guards
  12 fire dragons
  Erolcha (D:13)
  5 deep elf high priests (Elf:3)
  13 ice dragons
  13 yaktaur captains
  3 entropy weavers
  7 great orbs of eyes
  2 rakshasas (Depths:1)
  A hell beast (Depths:1)
  An alligator snapping turtle (Shoals:3)
  2 hydras
  2 spriggan air magi (Depths:5)
  12 centaur warriors
  The ghost of pipel the Cleaver, a novice HOBe of Trog (D:11)
  6 merfolk aquamancers
  A death knight (Vaults:2)
  4 catoblepae
  3 merfolk avatars (Shoals:4)
  25 dancing weapons
  9 ogre magi
  2 satyrs
  2 small abominations (Elf:3)
  18 death yaks
  6 spriggan berserkers
  5 tengu warriors
  2 vampire magi
  4 spriggans (Depths:5)
  6 orc high priests (Orc:2)
  Urug (Lair:3)
  A deep troll earth mage (Depths:1)
  2 sun demons (Orc:2)
  The ghost of Aksel the Cleaver, a novice HOFi of Okawaru (Lair:1)
  A storm dragon zombie (Vaults:2)
  2 wretched stars (WizLab)
  14 hell knights
  18 deep elf knights
  9 skeletal warriors
  4 deep trolls
  An orange crystal statue (WizLab)
  2 flayed ghosts
  A fire crab (Vaults:3)
  An unseen horror (D:13)
  6 giant orange brains
  20 deep elf archers
  3 starcursed masses (WizLab)
  11 hill giants
  4 sea snakes
  A gelid demonspawn (Orc:2)
  12 orc knights
  A hill giant (shapeshifter) (Vaults:4)
  4 harpies
  A wizard (D:13)
  2 torturous demonspawn (Orc:2)
  71 deep elf magi
  11 necromancers
  4 orb spiders
  Pikel (D:6)
  8 ironbrand convokers
  A salamander (shapeshifter) (Elf:2)
  3 shining eyes
  7 hornets
  11 orc sorcerers
  A hornet (shapeshifter) (D:13)
  A shining eye (shapeshifter) (Depths:1)
  34 ugly things
  3 manticores
  20 wolf spiders
  7 cyclopes
  A manticore (shapeshifter) (D:13)
  4 fauns (Shoals:1)
  30 elephants
  A siren (Shoals:4)
  8 griffons
  A fire giant skeleton (D:15)
  7 vault sentinels
  12 moths of wrath
  Maurice (Orc:2)
  10 black mambas
  A human skeleton (Vaults:2)
  A frost giant skeleton (Vaults:3)
  5 rust devils
  3 water nymphs
  2 ice statues (IceCv)
  4 gargoyles
  3 centaur skeletons
  6 eyes of devastation (WizLab)
  2 spiny frogs (shapeshifter)
  11 spiny frogs
  A yaktaur zombie (Depths:1)
  7 demonic crawlers
  3 freezing wraiths
  3 rime drakes
  6 ice devils (IceCv)
  40 yaktaurs
  A komodo dragon (shapeshifter) (Vaults:3)
  5 kobold demonologists
  3 komodo dragons
  4 tengu conjurers
  An efreet (D:13)
  A spriggan skeleton (Depths:1)
  A yaktaur skeleton (D:15)
  6 trolls
  An entropy weaver zombie (Depths:1)
  32 merfolk
  A queen bee (D:8)
  21 jumping spiders
  A polar bear (Lair:8)
  71 slime creatures
  An ice dragon zombie (Depths:1)
  9 blink frogs
  6 boulder beetles
  Prince Ribbit (D:7)
  16 two-headed ogres
  5 snapping turtles
  2 deep troll zombies (Depths:1)
  A spriggan zombie (D:15)
  An ettin zombie (Depths:1)
  A fire dragon skeleton (Depths:1)
  2 air elementals
  A shadow (D:13)
  51 redbacks
  74 yaks
  5 water elementals
  A vampire (D:11)
  2 basilisks (shapeshifter)
  A human (D:13)
  2 ettin skeletons
  3 fire bats (Depths:4)
  4 wraiths
  15 tarantellas
  2 tarantellas (shapeshifter)
  2 wyverns (D:8)
  4 basilisks
  17 golden eyes
  3 neqoxecs
  29 vampire mosquitoes
  A hippogriff (shapeshifter) (D:15)
  An elf skeleton (Depths:1)
  8 hippogriffs
  3 steam dragons
  9 fire elementals
  A hungry ghost (D:12)
  3 mottled dragons
  4 wargs
  An entropy weaver simulacrum (Depths:1)
  11 water moccasins
  5 porcupines
  40 orc warriors
  5 sky beasts
  3 slaves (D:6)
  3 black bears
  A human zombie (Vaults:3)
  6 wasps
  An eye of draining (shapeshifter) (Vaults:2)
  7 eyes of draining
  6 phantoms
  11 boggarts
  33 ogres
  A swamp drake (Lair:8)
  A necrophage (D:11)
  17 centaurs
  13 wolves
  14 crocodiles
  2 big kobolds (D:12)
  An orc skeleton (Vaults:2)
  Blork the orc (D:5)
  3 earth elementals
  18 giant frogs
  A gnoll sergeant (Orc:1)
  A wyvern skeleton (D:14)
  2 scorpions
  26 killer bees
  A howler monkey (D:4)
  4 electric eels
  4 wights (D:15)
  4 centaur zombies
  2 yaktaur simulacra
  8 crimson imps
  3 giant frog zombies
  4 hounds
  19 jellies
  5 giant frog skeletons
  34 orc priests
  18 iguanas
  7 worker ants
  18 orc wizards
  4 sheep
  A wasp simulacrum (D:14)
  2 hound skeletons (D:4)
  2 worker ant zombies (D:8)
  6 gnolls
  13 adders
  54 river rats
  2 shadow imps
  6 white imps (IceCv)
  10 ufetubi (IceCv)
  An ooze (D:2)
  An adder skeleton (D:9)
  2 worms
  A dart slug (D:2)
  3 giant geckos
  95 orcs
  A ball python (D:4)
  4 giant cockroaches
  6 goblins
  5 hobgoblins
  7 jackals
  21 kobolds
  5 quokkas
  A bat (shapeshifter) (Vaults:4)
  11 bats
  5 giant newts
  2 quokka skeletons (D:5)
  13 rats
  4 crawling corpses (Elf:3)
  2 demonic plants (WizLab)
  6 fungi
  9 plants
  11 starspawn tentacles (WizLab)
2070 creatures vanquished.

Vanquished Creatures (collateral kills)
  3 acid blobs (Slime:6)
  A black draconian (Zot:1)
  3 hydras
  A catoblepas (D:14)
  3 orb spiders (Spider:2)
  A wolf spider (Spider:1)
  A demonic crawler (Spider:3)
  A blink frog (Lair:1)
  An orc warrior (Orc:2)
  A crocodile (Lair:1)
  2 jellies (Slime:6)
  An orc wizard (Orc:2)
  An orc (Orc:2)
20 creatures vanquished.

Vanquished Creatures (others)
  A deep elf blademaster (Elf:3)
  A draconian knight (Zot:1)
  A deep elf elementalist (Elf:3)
  A stone giant (Depths:1)
  A merfolk javelineer (Shoals:2)
  A merfolk aquamancer (Shoals:4)
  An ogre mage (Vaults:3)
  A skeletal warrior (Depths:1)
  A fire giant zombie (Vaults:3)
  A slime creature (Depths:3)
  A moth of wrath (Zot:5)
  A water nymph (Shoals:4)
  A yaktaur (Vaults:4)
  A red devil (Depths:1)
  A merfolk (Shoals:4)
  A slave (D:6)
  A jelly (D:10)
  An orc priest (Orc:2)
  An ufetubus (IceCv)
  A ball lightning (Zot:3)
  An orc (Orc:2)
  7 demonic plants (WizLab)
  39 fungi
  18 plants
  18 starspawn tentacles (WizLab)
  206 starspawn tentacle segments (WizLab)
309 creatures vanquished.

Grand Total: 2399 creatures vanquished

Notes
Turn   | Place    | Note
--------------------------------------------------------------
     0 | D:1      | MDvedh the Minotaur Berserker began the quest for the Orb.
     0 | D:1      | Reached XP level 1. HP: 19/19 MP: 0/0
   210 | D:1      | Reached skill level 4 in Axes
   359 | D:1      | Reached XP level 2. HP: 22/26 MP: 1/1
   785 | D:2      | Reached skill level 5 in Axes
   795 | D:2      | Reached XP level 3. HP: 27/31 MP: 2/2
   868 | D:2      | Reached ** piety under Trog
  1300 | D:2      | Found a blossoming altar of Fedhas.
  1376 | D:2      | Reached skill level 6 in Axes
  1376 | D:2      | Reached XP level 4. HP: 33/39 MP: 3/3
  2038 | D:3      | Reached XP level 5. HP: 45/45 MP: 4/4
  2079 | D:3      | Reached *** piety under Trog
  2243 | D:4      | Reached skill level 7 in Axes
  2520 | D:4      | Reached skill level 8 in Axes
  2531 | D:4      | Reached XP level 6. HP: 40/51 MP: 5/5
  2691 | D:4      | Found a sparkling altar of Nemelex Xobeh.
  2874 | D:4      | Reached skill level 9 in Axes
  3010 | D:4      | Reached XP level 7. HP: 19/57 MP: 6/6
  3313 | D:5      | Entered Level 5 of the Dungeon
  3367 | D:5      | Reached skill level 10 in Axes
  3588 | D:5      | Found a staircase to the Ecumenical Temple.
  3633 | Temple   | Entered the Ecumenical Temple
  3918 | D:5      | Noticed Blork the orc
  3926 | D:5      | Killed Blork the orc
  4282 | D:5      | Reached **** piety under Trog
  4456 | D:6      | Reached skill level 11 in Axes
  4508 | D:6      | Reached XP level 8. HP: 64/64 MP: 7/7
  4829 | D:6      | Noticed Pikel
  4873 | D:6      | Killed Pikel
  4873 | D:6      | Reached skill level 12 in Axes
  5020 | D:6      | Reached skill level 13 in Axes
  5386 | D:6      | Reached XP level 9. HP: 62/70 MP: 8/8
  5664 | D:6      | Found a stormy altar of Qazlal.
  5665 | D:6      | Found a snail-covered altar of Cheibriados.
  5670 | D:6      | Reached skill level 14 in Axes
  6374 | D:7      | Found a glowing silver altar of Zin.
  6632 | D:8      | Noticed Prince Ribbit
  6713 | D:7      | Killed Prince Ribbit
  6781 | D:8      | Reached skill level 5 in Fighting
  6833 | D:8      | Found a basalt altar of Yredelemnul.
  6852 | D:8      | Reached skill level 5 in Armour
  6915 | D:8      | Reached skill level 5 in Dodging
  6924 | D:8      | Noticed a queen bee
  6934 | D:8      | Killed a queen bee
  6934 | D:8      | Reached XP level 10. HP: 83/83 MP: 9/9
  7274 | D:8      | Received a gift from Trog
  7299 | D:8      | Found a deep blue altar of Sif Muna.
  7311 | D:8      | Found a white marble altar of Elyvilon.
  7354 | D:8      | Gained mutation: Your muscles are strong. (Str +2) [mutagenic meat]
  7355 | D:8      | Gained mutation: You tend to lose your temper in combat. [mutagenic meat]
  7356 | D:8      | Gained mutation: Your spells are a little harder to cast, but a little more powerful. [mutagenic meat]
  7358 | D:8      | Gained mutation: You are robust (+10% HP). [mutagenic meat]
  7396 | D:8      | Noticed an elephant
  7397 | D:8      | Found a staircase to the Lair.
  7409 | D:8      | Killed an elephant
  7472 | D:8      | Found a shimmering altar of Xom.
  7566 | D:8      | Found a blossoming altar of Fedhas.
  8098 | D:9      | Reached ***** piety under Trog
  8445 | Lair:1   | Entered Level 1 of the Lair of Beasts
  8661 | Lair:1   | Noticed a six-headed hydra
  8670 | Lair:1   | Killed a six-headed hydra
  8670 | Lair:1   | Reached XP level 11. HP: 87/104 MP: 10/10
  8875 | Lair:1   | Noticed Aksel's ghost (novice HOFi)
  8887 | Lair:1   | Killed Aksel's ghost
  8945 | Lair:1   | Noticed a five-headed hydra
  8950 | Lair:1   | Killed a five-headed hydra
  9555 | Lair:2   | Lost mutation: Your spells are a little harder to cast, but a little more powerful. [potion of cure mutation]
  9555 | Lair:2   | Lost mutation: Your muscles are strong. (Str +2) [potion of cure mutation]
  9555 | Lair:2   | Lost mutation: You are robust (+10% HP). [potion of cure mutation]
  9581 | Lair:2   | Reached skill level 10 in Fighting
  9699 | Lair:2   | Reached skill level 10 in Armour
 10251 | Lair:2   | Reached XP level 12. HP: 108/108 MP: 11/11
 10388 | Lair:2   | Reached skill level 10 in Dodging
 10455 | Lair:2   | Reached skill level 15 in Axes
 10946 | Lair:2   | Received a gift from Trog
 11303 | Lair:3   | Noticed Urug
 11303 | Lair:3   | Noticed Sonja
 11455 | Lair:3   | Reached skill level 16 in Axes
 11936 | Lair:3   | Killed Urug
 12179 | Lair:4   | Found a hole to the Spider Nest.
 12449 | Lair:4   | Reached skill level 17 in Axes
 12762 | Lair:4   | Noticed a seven-headed hydra
 12767 | Lair:4   | Killed an eight-headed hydra
 12767 | Lair:4   | Reached XP level 13. HP: 91/116 MP: 4/12
 13090 | Lair:5   | Found a frozen archway.
 13100 | IceCv    | Entered an ice cave
 13744 | Lair:5   | Reached skill level 18 in Axes
 13860 | Lair:5   | Received a gift from Trog
 15018 | Lair:6   | Reached skill level 19 in Axes
 15129 | Lair:6   | Found a staircase to the Shoals.
 15165 | Lair:6   | Found a viscous altar of Jiyva.
 15166 | Lair:6   | Found a staircase to the Slime Pits.
 15732 | Lair:7   | Gained mutation: You are resistant to hostile enchantments. [potion of mutation]
 15732 | Lair:7   | Gained mutation: Your muscles are strong. (Str +2) [potion of mutation]
 15732 | Lair:7   | Gained mutation: You evolve. [potion of mutation]
 15857 | Lair:7   | Reached skill level 20 in Axes
 16110 | Lair:7   | Gained mutation: Your magical capacity is low (-10% MP). [evolution]
 16282 | Lair:8   | Entered Level 8 of the Lair of Beasts
 16343 | Lair:8   | Gained mutation: Armour fits poorly on your strangely shaped body. [potion of mutation]
 16343 | Lair:8   | Gained mutation: Your natural rate of healing is unusually fast. [potion of mutation]
 16558 | Lair:8   | Reached XP level 14. HP: 124/124 MP: 11/11
 16772 | Lair:8   | Reached skill level 21 in Axes
 17365 | Lair:8   | Received a gift from Trog
 17478 | Lair:8   | Reached ****** piety under Trog
 17618 | Lair:7   | Got an opal-studded leather armour
 17629 | Lair:7   | Identified the +1 leather armour of Hasee {rElec Str+4} (You found it on level 7 of the Lair of Beasts)
 17897 | D:10     | Entered Level 10 of the Dungeon
 18250 | D:10     | Gained mutation: You have sharp toenails. [evolution]
 18267 | D:10     | Found a staircase to the Orcish Mines.
 18358 | D:10     | Reached skill level 22 in Axes
 19243 | Orc:1    | Entered Level 1 of the Orcish Mines
 19345 | Orc:1    | Received a gift from Trog
 19641 | Orc:2    | Entered Level 2 of the Orcish Mines
 19650 | Orc:2    | Noticed an orc warlord
 19831 | Orc:2    | Found a staircase to the Elven Halls.
 19872 | Orc:1    | Killed an orc warlord
 20211 | Orc:2    | Noticed Maurice
 20233 | Orc:2    | Killed Maurice
 20353 | Orc:2    | Noticed Azrael
 20366 | Orc:2    | Killed Azrael
 20637 | Orc:2    | Found Yqyi's Distillery.
 20641 | Orc:2    | Found Moduschaduh's Food Boutique.
 20676 | Orc:2    | Received a gift from Trog
 20762 | Orc:2    | Gained mutation: You are dopey. (Int -2) [a neqoxec]
 20997 | Orc:2    | Reached XP level 15. HP: 133/133 MP: 12/12
 21467 | Orc:2    | Found Tetyhowi's Gadget Emporium.
 21467 | Orc:2    | Found a one-way gate leading to the halls of Pandemonium.
 21467 | Orc:2    | Found Miakung's Antique Weapon Shoppe.
 21506 | Orc:2    | Bought a potion of curing for 48 gold pieces
 21506 | Orc:2    | Bought 2 potions of curing for 96 gold pieces
 21506 | Orc:2    | Bought a potion of invisibility for 128 gold pieces
 21506 | Orc:2    | Bought a potion of heal wounds for 80 gold pieces
 21506 | Orc:2    | Bought a potion of magic for 128 gold pieces
 21506 | Orc:2    | Bought a potion of mutation for 40 gold pieces
 21506 | Orc:2    | Bought a potion of might for 64 gold pieces
 21506 | Orc:2    | Gained mutation: You are frail (-10% HP). [potion of mutation]
 21547 | Orc:2    | Received a gift from Trog
 21798 | D:11     | Noticed a fire giant
 21809 | D:11     | Killed a fire giant
 21900 | D:11     | Noticed pipel's ghost (novice HOBe)
 21911 | D:11     | Killed pipel's ghost
 22362 | D:12     | Found Faecooph's Jewellery Shop.
 22365 | D:12     | Bought the ring "Qasih" {MR+ Str+4 Int+3 SInv} for 610 gold pieces
 22365 | D:12     | Bought the ring of Insomnia {rPois rF+} for 408 gold pieces
 22406 | D:12     | Lost mutation: You are resistant to hostile enchantments. [mutagenic meat]
 22407 | D:12     | Lost mutation: You evolve. [mutagenic meat]
 22408 | D:12     | Gained mutation: You heal very quickly. [mutagenic meat]
 22409 | D:12     | Gained mutation: Your spells are a little harder to cast, but a little more powerful. [mutagenic meat]
 22588 | D:12     | Received a gift from Trog
 22628 | D:12     | Got a faintly humming ring mail
 22639 | D:12     | Identified the +1 ring mail of Echaecse {rF+ rC+ Regen+} (You found it on level 12 of the Dungeon)
 23347 | D:13     | Received a gift from Trog
 23456 | D:13     | Noticed Erolcha
 23463 | D:13     | Killed Erolcha
 23589 | D:13     | Found a runed door.
 23665 | D:13     | Noticed a sphinx
 23674 | D:13     | Killed a sphinx
 23791 | D:13     | Found a portal to a secret trove of treasure.
 23843 | D:13     | Reached skill level 23 in Axes
 23982 | D:13     | Reached XP level 16. HP: 122/129 MP: 13/13
 24233 | D:13     | Found a gate to the Vaults.
 24244 | D:13     | Received a gift from Trog
 24889 | D:14     | You fall through a shaft!
 24889 | D:15     | Entered Level 15 of the Dungeon
 24959 | D:15     | Found a staircase to the Depths.
 25135 | D:15     | Noticed Rupert
 25142 | D:15     | Killed Rupert
 25537 | D:15     | Found a shimmering altar of Xom.
 25538 | D:15     | Found a shimmering altar of Xom.
 25539 | D:15     | Found a shimmering altar of Xom.
 25540 | D:15     | Found a shimmering altar of Xom.
 26306 | D:12     | Received a gift from Trog
 26463 | Spider:1 | Entered Level 1 of the Spider Nest
 28165 | Spider:2 | Received a gift from Trog
 28261 | Spider:2 | Reached skill level 15 in Armour
 28388 | Spider:3 | Noticed Mara
 28395 | Spider:3 | Noticed MDvedh's illusion
 28413 | Spider:3 | Noticed MDvedh's illusion
 28640 | Shoals:1 | Entered Level 1 of the Shoals
 28656 | Shoals:1 | Reached skill level 15 in Fighting
 28659 | Shoals:1 | Reached XP level 17. HP: 134/140 MP: 14/14
 28969 | Shoals:1 | Received a gift from Trog
 29474 | Shoals:4 | Entered Level 4 of the Shoals
 30201 | Shoals:4 | Reached skill level 24 in Axes
 30417 | Shoals:4 | Received a gift from Trog
 30431 | Shoals:4 | Got a barnacled rune of Zot
 30552 | Shoals:4 | Got a bloodstained battleaxe {god gift}
 30553 | Shoals:4 | Identified the +4 battleaxe "Rexiher" {flame, rElec Int+3} (Trog gifted it to you on level 4 of the Shoals)
 31027 | Spider:4 | Entered Level 4 of the Spider Nest
 31141 | Spider:4 | Noticed oplop's ghost (adept OpTm)
 31189 | Spider:4 | Killed oplop's ghost
 31793 | Spider:4 | Received a gift from Trog
 31915 | Spider:4 | Reached skill level 15 in Dodging
 31933 | Spider:4 | Reached XP level 18. HP: 104/149 MP: 0/15
 31945 | Spider:4 | Got a gossamer rune of Zot
 32347 | Vaults:1 | Entered Level 1 of the Vaults
 33209 | Vaults:1 | Paralysed by a great orb of eyes for 2 turns
 33314 | Vaults:1 | Received a gift from Trog
 34387 | Vaults:2 | Noticed Asterion
 34393 | Vaults:2 | Killed Asterion
 34444 | Vaults:2 | Found Fiodgh's Weapon Emporium.
 34811 | Vaults:2 | Found Olienn's Gadget Boutique.
 35033 | Vaults:2 | Noticed Donald
 35043 | Vaults:2 | Killed Donald
 35325 | Vaults:3 | Received a gift from Trog
 35612 | Vaults:3 | Reached skill level 25 in Axes
 35780 | Vaults:3 | Found a staircase to the Crypt.
 36325 | Vaults:3 | Found Ibriegas's Jewellery Emporium.
 36382 | Vaults:3 | Reached XP level 19. HP: 159/159 MP: 16/16
 36522 | Vaults:3 | Received a gift from Trog
 37299 | Vaults:4 | Reached skill level 26 in Axes
 37362 | Vaults:4 | Received a gift from Trog
 37750 | Vaults:4 | Reached skill level 27 in Axes
 38427 | Elf:1    | Entered Level 1 of the Elven Halls
 38484 | Elf:1    | Found a radiant altar of Vehumet.
 38531 | Elf:1    | Received a gift from Trog
 38616 | Elf:1    | Found Veisch's Antique Weapon Shoppe.
 38651 | Elf:1    | Found a magical portal.
 38676 | WizLab   | Entered Lehudib's Moon Base
 39092 | WizLab   | Gained mutation: Scrolls take you a little longer to read. [a cacodemon]
 39282 | WizLab   | Reached XP level 20. HP: 168/168 MP: 17/17
 39418 | WizLab   | Gained mutation: You are very dopey. (Int -4) [a neqoxec]
 39557 | WizLab   | Paralysed by a great orb of eyes for 5 turns
 39631 | WizLab   | Gained mutation: You passively map a small area around you. [potion of beneficial mutation]
 39632 | WizLab   | Gained mutation: You are partially covered in slimy green scales (AC +2). [potion of beneficial mutation]
 39954 | Elf:1    | Received a gift from Trog
 40562 | Elf:1    | Identified the Reference Book on Conjuration
 40777 | Elf:2    | Noticed Agnes
 40792 | Elf:2    | Killed Agnes
 40960 | Elf:2    | Found a runed door.
 40960 | Elf:2    | Found a runed door.
 41044 | Elf:2    | Received a gift from Trog
 41114 | Elf:2    | Lost mutation: You are frail (-10% HP). [potion of mutation]
 41115 | Elf:2    | Lost mutation: You tend to lose your temper in combat. [potion of cure mutation]
 41115 | Elf:2    | Lost mutation: You have sharp toenails. [potion of cure mutation]
 41115 | Elf:2    | Lost mutation: You are very dopey. (Int -4) [potion of cure mutation]
 41115 | Elf:2    | Lost mutation: Your muscles are strong. (Str +2) [potion of cure mutation]
 41115 | Elf:2    | Lost mutation: Armour fits poorly on your strangely shaped body. [potion of cure mutation]
 41318 | Elf:2    | Got a fine ring mail
 41321 | Elf:2    | Identified the cursed +0 ring mail of Fortitude {-Tele MR+ MP+9} (You found it on level 2 of the Elven Halls)
 41851 | Elf:3    | Entered Level 3 of the Elven Halls
 42013 | Elf:3    | Found a deep blue altar of Sif Muna.
 42146 | Elf:3    | Reached XP level 21. HP: 187/198 MP: 17/17
 42190 | Elf:3    | Received a gift from Trog
 42650 | Elf:3    | Got a warped steel ring
 42653 | Elf:3    | Identified the ring "Yvutwor" {rN+ MR+} (You found it on level 3 of the Elven Halls)
 42715 | Elf:3    | Got a steaming ring mail
 42718 | Elf:3    | Identified the +1 ring mail "Zutunae" {rN++ MP+9} (You found it on level 3 of the Elven Halls)
 43223 | Slime:1  | Entered Level 1 of the Pits of Slime
 43278 | Slime:2  | Received a gift from Trog
 43516 | Slime:6  | Entered Level 6 of the Pits of Slime
 43549 | Slime:6  | Received a gift from Trog
 43634 | Slime:6  | Found a viscous altar of Jiyva.
 43678 | Slime:6  | Noticed the Royal Jelly
 43690 | Slime:6  | Killed the Royal Jelly
 43735 | Slime:6  | Got a slimy chain mail
 43738 | Slime:6  | Identified the +8 chain mail of a bazaar {+Inv} (You found it on level 6 of the Pits of Slime)
 43833 | Slime:6  | Got a slimy rune of Zot
 43836 | Slime:6  | Got a fine plate armour
 43858 | Slime:6  | Identified the cursed +0 plate armour of Compression {Str-2 Int+6 Dex+6} (You found it on level 6 of the Pits of Slime)
 43917 | Slime:6  | Identified a scroll of acquirement
 44297 | Depths:1 | Entered Level 1 of the Depths
 44339 | Depths:1 | Noticed Nikola
 44340 | Depths:1 | Found a gateway to Hell.
 44369 | Depths:1 | Killed Nikola
 44398 | Depths:1 | Reached XP level 22. HP: 194/211 MP: 18/18
 44400 | Depths:1 | Received a gift from Trog
 45233 | Depths:2 | Found a runed door.
 45237 | Depths:2 | Noticed a golden dragon
 45248 | Depths:2 | Killed a golden dragon
 45255 | Depths:2 | Received a gift from Trog
 45256 | Depths:2 | Noticed a caustic shrike
 45261 | Depths:2 | Killed a caustic shrike
 45361 | Depths:2 | Found a runed door.
 45369 | Depths:2 | Noticed a caustic shrike
 45380 | Depths:2 | Killed a caustic shrike
 45386 | Depths:2 | Found a runed door.
 45454 | Depths:2 | Found a runed door.
 45634 | Depths:3 | Noticed Jory
 45652 | Depths:3 | Killed Jory
 45696 | Depths:3 | Received a gift from Trog
 45800 | Depths:3 | Found an iron altar of Okawaru.
 46453 | Depths:4 | Reached XP level 23. HP: 222/222 MP: 19/19
 46521 | Depths:5 | Entered Level 5 of the Depths
 46556 | Depths:5 | Received a gift from Trog
 46848 | Depths:5 | Found a gate to the Realm of Zot.
 46987 | Zot:1    | Entered Level 1 of the Realm of Zot
 47449 | Zot:1    | Got a faintly glowing zirconium amulet
 47716 | Zot:3    | Received a gift from Trog
 47884 | Zot:3    | Identified the amulet of Lugonu's Anger {Spirit Str+6} (You took it off a mottled draconian on level 1 of the Realm of Zot)
 47944 | Zot:3    | Reached XP level 24. HP: 157/235 MP: 19/19
 48144 | Zot:5    | Entered Level 5 of the Realm of Zot
 48402 | Zot:5    | Noticed an ancient lich
 48405 | Zot:5    | Killed an ancient lich
 48458 | Zot:5    | Noticed an orb of fire
 48477 | Zot:5    | Killed an orb of fire
 48478 | Zot:5    | Noticed an orb of fire
 48480 | Zot:5    | Gained mutation: Armour fits poorly on your strangely shaped body. [an orb of fire]
 48481 | Zot:5    | Gained mutation: You expend magic power (3 MP) to strengthen your wands. [an orb of fire]
 48489 | Zot:5    | Killed an orb of fire
 48490 | Zot:5    | Noticed an orb of fire
 48491 | Zot:5    | Gained mutation: You are frail (-10% HP). [an orb of fire]
 48495 | Zot:5    | Killed an orb of fire
 48496 | Zot:5    | Noticed an orb of fire
 48500 | Zot:5    | Killed an orb of fire
 48506 | Zot:5    | Noticed an ancient lich
 48520 | Zot:5    | Killed an ancient lich
 48521 | Zot:5    | Noticed an orb of fire
 48533 | Zot:5    | Gained mutation: Your body sometimes deteriorates upon taking damage. [an orb of fire]
 48539 | Zot:5    | Killed from afar by an orb of fire

Skill      XL: |  1  2  3  4  5  6  7  8  9 10 11 12 13 14 15 16 17 18 19 20 21 22 23 24 |
---------------+-------------------------------------------------------------------------+-----
Axes           | 4 5 6 8 9 11 13 14 17 20 22 23 24 25 27 | 27.0
Fighting       | 6 8 10 11 12 13 15 16 17 19 20 21 23 24 | 24.2
Armour         | 5 8 10 11 12 13 15 16 17 19 20 21 23 24 | 24.1
Dodging        | 5 7 9 10 11 12 13 15 16 17 19 20 21 22 | 22.5

Action                   |  1- 3 |  4- 6 |  7- 9 | 10-12 | 13-15 | 16-18 | 19-21 | 22-24 || total
-------------------------+-------+-------+-------+-------+-------+-------+-------+-------++-------
Melee: Hand axe          |    94 |   112 |   235 |   365 |       |       |       |       ||   806
       Headbutt          |    12 |    17 |    39 |   125 |   289 |   357 |   403 |   439 ||  1681
       Battleaxe         |       |       |       |   169 |  1141 |  1269 |   141 |       ||  2720
       Executioner's axe |       |       |       |       |       |       |  1127 |  1174 ||  2301
Throw: Tomahawk          |       |       |       |       |     4 |       |       |       ||     4
Invok: Berserk           |     1 |     3 |     5 |     7 |    10 |     6 |     2 |     1 ||    35
       Burn Spellbooks   |       |     1 |       |       |     1 |       |     5 |     1 ||     8
       Brothers in Arms  |       |       |       |     4 |     2 |     8 |     3 |     1 ||    18
       Trog's Hand       |       |       |       |     1 |    10 |    10 |     7 |     4 ||    32
Evoke: Wand              |       |       |       |     2 |     6 |       |     7 |     8 ||    23
  Use: Scroll            |       |    10 |     4 |     8 |    11 |     5 |    17 |    12 ||    67
       Potion            |       |       |       |     2 |     6 |    13 |     6 |     4 ||    31
 Stab: Distracted        |       |       |       |       |     1 |     2 |       |       ||     3
       Invisible         |       |       |       |       |       |    23 |       |       ||    23
       Held in net/web   |       |       |       |       |       |     2 |       |       ||     2
       Sleeping          |       |       |       |       |       |     1 |       |       ||     1
  Eat: Chunk             |     2 |     8 |     4 |    13 |    20 |    11 |     2 |     2 ||    62
       Bread ration      |       |       |     2 |     5 |     9 |     7 |       |       ||    23
       Meat ration       |       |       |     1 |       |       |     1 |     3 |     3 ||     8
       Beef jerky        |       |       |     1 |       |       |       |     7 |     3 ||    11
       Royal jelly       |       |       |       |     1 |     2 |     2 |     5 |       ||    10
       Pizza             |       |       |       |       |       |     5 |       |       ||     5
Armor: Animal skin       |     5 |       |       |       |       |       |       |       ||     5
       Leather armour    |    15 |       |       |       |       |       |       |       ||    15
       Scale mail        |    11 |    44 |    69 |   124 |       |       |       |       ||   248
       Ring mail         |       |       |       |    39 |   155 |   262 |       |       ||   456
       Crystal plate arm |       |       |       |       |   191 |   108 |   513 |   652 ||  1464
Dodge: Dodged            |    66 |    58 |    90 |   294 |   542 |  1067 |   623 |   887 ||  3627
Block: Other             |       |       |    11 |    26 |    42 |    75 |    51 |       ||   205
       Reflection        |       |       |     1 |     1 |       |     9 |    10 |       ||    21
